TOP OF THE 1ST |
Key West Barracudas batting - Pitching for Santa Fe Diablos : RHP Ángelo Gusmán
|
Pitching: RHP Ángelo Gusmán
|
|
Batting: SHB Rodney Birling
|
0-0: Ball 1-0: Called Strike 1-1: Foul Ball, location: 2F 1-2: Ball 2-2: Ground out 5-3 (Groundball, 56)
|
Batting: RHB Zander Tremblett
|
0-0: Ground out 1-3 (Groundball, 15)
|
Batting: RHB Júlio Cruz
|
0-0: Called Strike 0-1: Foul Ball, location: 2F 0-2: Foul Ball, location: 2F 0-2: Ball 1-2: Foul Ball, location: 2F 1-2: Reached on error, E5 (Groundball, 5)
|
Batting: RHB Ramiro Gámez
|
0-0: Called Strike 0-1: Ball 1-1: Ball 2-1: SINGLE (Groundball, 56) Júlio Cruz to second
|
Batting: RHB Luther Stoffels
|
0-0: Ground out 1-3 (Groundball, 15)
|
Top of the 1st over - 0 run(s), 1 hit(s), 1 error(s), 2 left on base; Key West 0 - Santa Fe 0 |
BOTTOM OF THE 1ST |
Santa Fe Diablos batting - Pitching for Key West Barracudas : RHP Carlos Molina
|
Pitching: RHP Carlos Molina
|
|
Batting: RHB Emílio Bruno
|
0-0: Ball 1-0: Foul Ball, location: 2F 1-1: Called Strike 1-2: Ground out 1-3 (Groundball, 13)
|
Batting: RHB Orlando González
|
0-0: Called Strike 0-1: Hit by Pitch
|
Batting: RHB Wallace Greene
|
0-0: Called Strike 0-1: Ball 1-1: SINGLE (Groundball, 56) Orlando González to second
|
Batting: SHB António Hernández
|
0-0: Grounds into double play, 6-4-3 (Groundball, 6)
|
Bottom of the 1st over - 0 run(s), 1 hit(s), 0 error(s), 1 left on base; Key West 0 - Santa Fe 0 |
TOP OF THE 2ND |
Key West Barracudas batting - Pitching for Santa Fe Diablos : RHP Ángelo Gusmán
|
Batting: LHB Jake Wells
|
0-0: Ball 1-0: Foul Ball, location: 2F 1-1: Ball 2-1: Ball 3-1: Base on Balls
|
Batting: RHB Kenny Cole
|
0-0: Ball 1-0: Foul Ball, location: 2F 1-1: Ball 2-1: Fly out, F8 (Flyball, 8LD)
|
Batting: RHB Victor Baker
|
0-0: Ball 1-0: Fly out, F3 (Popup, 3F)
|
Batting: RHB Dan Craft
|
0-0: Ball 1-0: Foul Ball, location: 2F 1-1: Ball 2-1: Ball 3-1: Called Strike 3-2: Strikes out swinging
|
Top of the 2nd over - 0 run(s), 0 hit(s), 0 error(s), 1 left on base; Key West 0 - Santa Fe 0 |
BOTTOM OF THE 2ND |
Santa Fe Diablos batting - Pitching for Key West Barracudas : RHP Carlos Molina
|
Batting: RHB Júlio López
|
0-0: Ball 1-0: Called Strike 1-1: Foul Ball, location: 2F 1-2: Strikes out swinging
|
Batting: RHB John Dinkins
|
0-0: Swinging Strike 0-1: Called Strike 0-2: Ball 1-2: SINGLE (Line Drive, 89S)
|
Batting: RHB Richard Wilkins
|
0-0: Ball 1-0: Ball 2-0: Called Strike 2-1: Ball 3-1: SINGLE (Line Drive, 4D) John Dinkins to second
|
Batting: LHB Don Soper
|
0-0: Ball 1-0: Called Strike John Dinkins steals 3rd base Richard Wilkins to second 1-1: Ground out 3-5 (Groundball, 3S)
|
Batting: RHB Ray Davis
|
0-0: Ball 1-0: Ball 2-0: SINGLE (Groundball, 6D) John Dinkins scores Richard Wilkins to third Runner from 3rd tries for Home, SAFE, no throw or cutoff
|
Batting: RHB Emílio Bruno
|
0-0: Called Strike 0-1: Ball 1-1: Called Strike 1-2: Foul Ball, location: 2F 1-2: Strikes out swinging
|
Bottom of the 2nd over - 2 run(s), 3 hit(s), 0 error(s), 1 left on base; Key West 0 - Santa Fe 2 |
TOP OF THE 3RD |
Key West Barracudas batting - Pitching for Santa Fe Diablos : RHP Ángelo Gusmán
|
Batting: SHB Rodney Birling
|
0-0: Ball 1-0: Foul Ball, location: 2F 1-1: Ball 2-1: Ball 3-1: Base on Balls
|
Batting: RHB Zander Tremblett
|
0-0: Ball 1-0: Swinging Strike 1-1: Swinging Strike 1-2: Strikes out swinging
|
Batting: RHB Júlio Cruz
|
0-0: Ball 1-0: Fielders Choice at 2nd, 6-4 (Groundball, 6)
|
Batting: RHB Ramiro Gámez
|
0-0: Called Strike 0-1: Foul Ball, location: 2F 0-2: Ball Júlio Cruz is caught stealing 2nd base
|
Top of the 3rd over - 0 run(s), 0 hit(s), 0 error(s), 0 left on base; Key West 0 - Santa Fe 2 |
BOTTOM OF THE 3RD |
Santa Fe Diablos batting - Pitching for Key West Barracudas : RHP Carlos Molina
|
Batting: RHB Orlando González
|
0-0: Foul Ball, location: 2F 0-1: SINGLE (Line Drive, 4MD)
|
Batting: RHB Wallace Greene
|
0-0: Ball 1-0: Ball 2-0: Called Strike 2-1: Ball 3-1: 2-RUN HOME RUN (Flyball, 78XD), Distance : 418 ft
|
Pitching: RHP Steven O'Brien
|
|
Batting: SHB António Hernández
|
0-0: Called Strike 0-1: Ground out 5-3 (Groundball, 6S)
|
Batting: RHB Júlio López
|
0-0: Swinging Strike 0-1: Ball 1-1: Called Strike 1-2: Ball 2-2: Ball 3-2: Foul Ball, location: 2F 3-2: SINGLE (Line Drive, 7S)
|
Batting: RHB John Dinkins
|
0-0: Called Strike 0-1: Grounds into double play, U4-3 (Groundball, 4)
|
Bottom of the 3rd over - 2 run(s), 3 hit(s), 0 error(s), 0 left on base; Key West 0 - Santa Fe 4 |
TOP OF THE 4TH |
Key West Barracudas batting - Pitching for Santa Fe Diablos : RHP Ángelo Gusmán
|
Batting: RHB Ramiro Gámez
|
0-0: Swinging Strike 0-1: Foul Ball, location: 2F 0-2: Strikes out looking
|
Batting: RHB Luther Stoffels
|
0-0: Called Strike 0-1: Fly out, F4 (Popup, 4MD)
|
Batting: LHB Jake Wells
|
0-0: Ball 1-0: Ball 2-0: Ball 3-0: Called Strike 3-1: Foul Ball, location: 2F 3-2: Strikes out looking
|
Top of the 4th over - 0 run(s), 0 hit(s), 0 error(s), 0 left on base; Key West 0 - Santa Fe 4 |
BOTTOM OF THE 4TH |
Santa Fe Diablos batting - Pitching for Key West Barracudas : RHP Steven O'Brien
|
Batting: RHB Richard Wilkins
|
0-0: Swinging Strike 0-1: Called Strike 0-2: Strikes out swinging
|
Batting: LHB Don Soper
|
0-0: Ball 1-0: Ball 2-0: Ball 3-0: Called Strike 3-1: Swinging Strike 3-2: Foul Ball, location: 2F 3-2: Base on Balls
|
Batting: RHB Ray Davis
|
Pickoff Throw to First - Out! 0-0: Ball 1-0: Ball 2-0: Swinging Strike 2-1: Called Strike 2-2: SOLO HOME RUN (Flyball, 78XD), Distance : 389 ft
|
Batting: RHB Emílio Bruno
|
0-0: Ball 1-0: Foul Ball, location: 2F 1-1: Ball 2-1: Swinging Strike 2-2: Ball 3-2: Base on Balls
|
Batting: RHB Orlando González
|
0-0: Ball 1-0: Called Strike 1-1: Ball 2-1: Foul Ball, location: 2F 2-2: Foul Ball, location: 2F 2-2: SINGLE (Flyball, 89S) Emílio Bruno to second Emílio Bruno to third
|
Pitching: LHP Alfredo González
|
|
Batting: RHB Wallace Greene
|
0-0: Ball 1-0: Called Strike 1-1: Ground out 6-3 (Groundball, 6)
|
Bottom of the 4th over - 1 run(s), 2 hit(s), 0 error(s), 2 left on base; Key West 0 - Santa Fe 5 |
TOP OF THE 5TH |
Key West Barracudas batting - Pitching for Santa Fe Diablos : RHP Ángelo Gusmán
|
Batting: RHB Kenny Cole
|
0-0: Ball 1-0: Swinging Strike 1-1: Foul Ball, location: 2F 1-2: Ball 2-2: Ground out 6-3 (Groundball, 6)
|
Batting: RHB Victor Baker
|
0-0: Ball 1-0: Hit by Pitch
|
Batting: RHB Dan Craft
|
0-0: Ball 1-0: Called Strike 1-1: Ball 2-1: Ball 3-1: Base on Balls Victor Baker to second
|
Batting: SHB Rodney Birling
|
0-0: Called Strike 0-1: Ball 1-1: SINGLE (Line Drive, 34D) Victor Baker to third Dan Craft to second
|
Batting: RHB Zander Tremblett
|
0-0: Foul Ball, location: 2F 0-1: Ball 1-1: SINGLE (Groundball, 6MD) Victor Baker scores Dan Craft to third Rodney Birling to second Runner from 3rd tries for Home, SAFE, no throw or cutoff
|
Batting: RHB Júlio Cruz
|
0-0: Called Strike 0-1: Ball 1-1: Fielders Choice at 2nd, 6-4 (Groundball, 6) Rodney Birling to third
|
Batting: RHB Ramiro Gámez
|
0-0: Ball 1-0: Called Strike 1-1: Ball 2-1: Called Strike 2-2: Ball 3-2: Strikes out looking
|
Top of the 5th over - 2 run(s), 2 hit(s), 0 error(s), 2 left on base; Key West 2 - Santa Fe 5 |
BOTTOM OF THE 5TH |
Santa Fe Diablos batting - Pitching for Key West Barracudas : LHP Alfredo González
|
Batting: SHB António Hernández
|
0-0: Swinging Strike 0-1: Foul Ball, location: 2F 0-2: Strikes out looking
|
Batting: RHB Júlio López
|
0-0: Ball 1-0: Called Strike 1-1: Ball 2-1: Swinging Strike 2-2: Ground out 5-3 (Groundball, 15S)
|
Batting: RHB John Dinkins
|
0-0: Foul Ball, location: 2F 0-1: Ball 1-1: Fly out, F9 (Flyball, 89M)
|
Bottom of the 5th over - 0 run(s), 0 hit(s), 0 error(s), 0 left on base; Key West 2 - Santa Fe 5 |
TOP OF THE 6TH |
Key West Barracudas batting - Pitching for Santa Fe Diablos : RHP Ángelo Gusmán
|
Pitching: RHP David Sheppard
|
|
Batting: RHB Luther Stoffels
|
0-0: Ball 1-0: Ball 2-0: SINGLE (Line Drive, 56D)
|
Batting: LHB Jake Wells
|
0-0: Ball 1-0: SINGLE (Line Drive, 34) Luther Stoffels to second
|
Batting: RHB Kenny Cole
|
0-0: Called Strike 0-1: Grounds into double play, 5-4-3 (Groundball, 5) Luther Stoffels to third
|
Batting: RHB Victor Baker
|
0-0: Hit by Pitch
|
Batting: RHB Dan Craft
|
0-0: Ball 1-0: Ball 2-0: Foul Ball, location: 2F 2-1: SINGLE (Line Drive, 89M) Luther Stoffels scores Victor Baker to second
|
Batting: SHB Rodney Birling
|
0-0: Called Strike 0-1: Foul Ball, location: 2F 0-2: Ball 1-2: Strikes out swinging
|
Top of the 6th over - 1 run(s), 3 hit(s), 0 error(s), 2 left on base; Key West 3 - Santa Fe 5 |
BOTTOM OF THE 6TH |
Santa Fe Diablos batting - Pitching for Key West Barracudas : LHP Alfredo González
|
Batting: RHB Richard Wilkins
|
0-0: Ball 1-0: Ball 2-0: Called Strike 2-1: Foul Ball, location: 2F 2-2: Ball 3-2: Strikes out swinging
|
Batting: LHB Don Soper
|
0-0: Ball 1-0: Called Strike 1-1: Ball 2-1: Called Strike 2-2: Foul Ball, location: 2F 2-2: Strikes out swinging
|
Batting: RHB Ray Davis
|
0-0: Ball 1-0: Called Strike 1-1: Hit by Pitch
|
Batting: RHB Emílio Bruno
|
0-0: Called Strike 0-1: Swinging Strike 0-2: Ball 1-2: Foul Ball, location: 2F 1-2: Foul Ball, location: 2F 1-2: Ball 2-2: Ball 3-2: Foul Ball, location: 2F 3-2: Base on Balls Ray Davis to second
|
Batting: RHB Orlando González
|
0-0: Foul Ball, location: 2F 0-1: Ball 1-1: Foul Ball, location: 2F 1-2: Foul Ball, location: 2F 1-2: Ball 2-2: Foul Ball, location: 2F 2-2: Ball 3-2: Foul Ball, location: 2F 3-2: Foul Ball, location: 2F 3-2: 3-RUN HOME RUN (Flyball, 78XD), Distance : 419 ft
|
Pitching: RHP Gerald Núńez
|
|
Batting: RHB Wallace Greene
|
0-0: SOLO HOME RUN (Flyball, 7D), Distance : 362 ft
|
Batting: SHB António Hernández
|
0-0: Called Strike 0-1: Foul Ball, location: 2F 0-2: Foul Ball, location: 2F 0-2: Ground out 4-3 (Groundball, 4)
|
Bottom of the 6th over - 4 run(s), 2 hit(s), 0 error(s), 0 left on base; Key West 3 - Santa Fe 9 |
TOP OF THE 7TH |
Key West Barracudas batting - Pitching for Santa Fe Diablos : RHP David Sheppard
|
Batting: RHB Zander Tremblett
|
0-0: Called Strike 0-1: Foul Ball, location: 2F 0-2: Foul Ball, location: 2F 0-2: Ball 1-2: Foul Ball, location: 2F 1-2: Ground out 5-3 (Groundball, 5)
|
Batting: RHB Júlio Cruz
|
0-0: Ball 1-0: Swinging Strike 1-1: Ball 2-1: Called Strike 2-2: Foul Ball, location: 2F 2-2: Strikes out swinging
|
Batting: RHB Ramiro Gámez
|
0-0: SINGLE (Groundball, 56)
|
Batting: RHB Luther Stoffels
|
0-0: Foul Ball, location: 2F 0-1: Swinging Strike 0-2: Foul Ball, location: 2F 0-2: Foul Ball, location: 2F 0-2: Ball 1-2: Strikes out looking
|
Top of the 7th over - 0 run(s), 1 hit(s), 0 error(s), 1 left on base; Key West 3 - Santa Fe 9 |
BOTTOM OF THE 7TH |
Santa Fe Diablos batting - Pitching for Key West Barracudas : RHP Gerald Núńez
|
Batting: RHB Júlio López
|
0-0: Fly out, F3 (Popup, 3)
|
Batting: RHB John Dinkins
|
0-0: Called Strike 0-1: Ground out 4-3 (Groundball, 4)
|
Batting: RHB Richard Wilkins
|
0-0: Called Strike 0-1: Swinging Strike 0-2: Foul Ball, location: 2F 0-2: Foul Ball, location: 2F 0-2: Ball 1-2: Strikes out looking
|
Bottom of the 7th over - 0 run(s), 0 hit(s), 0 error(s), 0 left on base; Key West 3 - Santa Fe 9 |
TOP OF THE 8TH |
Key West Barracudas batting - Pitching for Santa Fe Diablos : RHP David Sheppard
|
Pitching: RHP Troy Hawkins
|
|
Now at 2B: George Adams
|
|
Batting: LHB Jake Wells
|
0-0: Called Strike 0-1: Ball 1-1: Foul Ball, location: 2F 1-2: Ball 2-2: Ground out 5-3 (Groundball, 5L)
|
Batting: RHB Kenny Cole
|
0-0: Ball 1-0: Foul Ball, location: 2F 1-1: Swinging Strike 1-2: SINGLE (Groundball, 34)
|
Batting: RHB Victor Baker
|
0-0: Ball 1-0: Called Strike 1-1: Ball 2-1: Fielders Choice at 2nd, 5-4 (Groundball, 56)
|
Batting: RHB Dan Craft
|
0-0: Ball 1-0: Ball Wild Pitch! Victor Baker to second 2-0: Ground out 6-3 (Groundball, 6)
|
Top of the 8th over - 0 run(s), 1 hit(s), 0 error(s), 1 left on base; Key West 3 - Santa Fe 9 |
BOTTOM OF THE 8TH |
Santa Fe Diablos batting - Pitching for Key West Barracudas : RHP Gerald Núńez
|
Batting: LHB Don Soper
|
0-0: Called Strike 0-1: Ball 1-1: Foul Ball, location: 2F 1-2: Foul Ball, location: 2F 1-2: Ball 2-2: Ball 3-2: Foul Ball, location: 2F 3-2: Base on Balls
|
Batting: RHB Ray Davis
|
0-0: Called Strike 0-1: Fly out, F6 (Popup, 6)
|
Batting: RHB Emílio Bruno
|
0-0: Called Strike 0-1: Called Strike 0-2: Ball 1-2: Fly out, F9 (Flyball, 9M)
|
Batting: RHB Orlando González
|
0-0: Fly out, F9 (Flyball, 89S)
|
Bottom of the 8th over - 0 run(s), 0 hit(s), 0 error(s), 1 left on base; Key West 3 - Santa Fe 9 |
TOP OF THE 9TH |
Key West Barracudas batting - Pitching for Santa Fe Diablos : RHP Troy Hawkins
|
Now at C: Michael Anderson
|
|
Batting: SHB Rodney Birling
|
0-0: Ball 1-0: Swinging Strike 1-1: Foul Ball, location: 2F 1-2: Strikes out swinging
|
Batting: RHB Zander Tremblett
|
0-0: Ball 1-0: Fly out, F8 (Flyball, 8RXD)
|
Batting: RHB Júlio Cruz
|
0-0: Ball 1-0: Fly out, F9 (Flyball, 9M)
|
Top of the 9th over - 0 run(s), 0 hit(s), 0 error(s), 0 left on base; Key West 3 - Santa Fe 9 |
|